 Dungeon Crawl Stone Soup version 0.23.0-3-gf3c87f2 (webtiles) character file.

Game seed: 1266355243892625844

115 Madoushi the Firebug (level 4, -2/35 HPs)
             Began as a Draconian Fire Elementalist on Feb 23, 2019.
             Slain by a worm (4 damage)
             ... on level 3 of the Dungeon.
             The game lasted 00:04:40 (2548 turns).

Madoushi the Firebug (Draconian Fire Elementalist)  Turns: 2548, Time: 00:04:41

Health: -2/35      AC:  5    Str: 12    XL:     4   Next: 68%
Magic:  7/7        EV: 12    Int: 15    God:
Gold:   60         SH:  0    Dex: 11    Spells: 6/7 levels left

rFire    . . .     SeeInvis .   c - +0 short sword
rCold    . . .     Gourm    .   (no shield)
rNeg     . . .     Faith    .   (armour unavailable)
rPois    .         Spirit   .   (helmet restricted)
rElec    .         Reflect  .   (no cloak)
rCorr    .         Harm     .   (no gloves)
MR       .....                  (no boots)
Stlth    ++........             (no amulet)
HPRegen  0.11/turn              (no ring)
MPRegen  0.10/turn              (no ring)

@: no status effects
A: unfitting armour, cold-blooded, AC +5
a: no special abilities


You were on level 3 of the Dungeon.
You were hungry.

You visited 1 branch of the dungeon, and saw 3 of its levels.

You collected 60 gold pieces.

Inventory:

Hand Weapons
 c - a +0 short sword (weapon)
Scrolls
 a - a scroll of identify
 g - a scroll of amnesia
 i - a scroll of teleportation
Potions
 d - a potion of cancellation {unknown}
 e - a potion of mutation
 f - a potion of haste
 h - a potion of heal wounds
 j - a potion of agility {unknown}
Comestibles
 b - 7 rations


   Skills:
 + Level 1.3 Fighting
 + Level 2.2 Short Blades
 + Level 2.4 Dodging
 + Level 2.2 Stealth
 + Level 0.1 Unarmed Combat
 + Level 2.2 Spellcasting
 + Level 1.3 Conjurations
 + Level 3.5 Fire Magic


You had 6 spell levels left.
You knew the following spells:

 Your Spells              Type           Power        Failure   Level  Hunger
a - Flame Tongue          Conj/Fire      #....        9%          1    #......

Your spell library contained the following spells:

 Spells                   Type           Power        Failure   Level  Hunger
 Throw Flame              Conj/Fire      #.....       12%         2    ###....
 Conjure Flame            Conj/Fire      #.......     24%         3    ###....
 Inner Flame              Hex/Fire       #.......     32%         3    ###....
 Sticky Flame             Conj/Fire      #.......     63%         4    #####..
 Fireball                 Conj/Fire      #.........   92%         5    ######.


Dungeon Overview and Level Annotations

Branches:
Dungeon (3/15)

Altars:
Gozag


Innate Abilities, Weirdness & Mutations

Your plain brown scales are hard. (AC +5)
You cannot fit into any form of body armour.
You are cold-blooded and may be slowed by cold attacks.


Message History

The worm is lightly wounded.
The worm closely misses you.
You hit the worm but do no damage.
The worm is lightly wounded.
You hit the worm.
The worm is moderately wounded.
The worm bites you!
* * * LOW HITPOINT WARNING * * *
You hit the worm.
The worm is moderately wounded.
You hit the worm.
The worm is heavily wounded.
The worm bites you!
* * * LOW HITPOINT WARNING * * *
You hit the worm.
The worm is severely wounded.
You hit the worm but do no damage.
Your tail-slap misses the worm.
The worm is severely wounded.
The worm bites you.
You die...

.........#
#.#
.........#
#.#
.........#
#.#
......####
#.#
......#
#.#
......#
#.#
#+#####
#.# #.#
#.#
#.########
#@#
.........#
#w#
.........#
#.#
.........#
#.#
.........#
#.#
.........#
...
.........#
.##
.........#
.
.........#


You could see a worm.

Vanquished Creatures
  A water moccasin skeleton (D:2)
  An adder (D:2)
  A worm (D:3)
  3 dart slugs
  A leopard gecko (D:2)
  A ball python (D:1)
  4 giant cockroaches
  6 hobgoblins
  4 jackals
  A quokka (D:2)
  5 bats
  5 frilled lizards
  A goblin (D:1)
  5 kobolds
  8 rats
47 creatures vanquished.

Notes
Turn   | Place    | Note
-------+----------+-------------------------------------------
     0 | D:1      | Madoushi the Draconian Fire Elementalist began the quest
                  | for the Orb.
     0 | D:1      | Reached XP level 1. HP: 14/14 MP: 3/3
   436 | D:1      | Reached XP level 2. HP: 17/20 MP: 1/5
  1146 | D:1      | Reached XP level 3. HP: 25/26 MP: 6/6
  1414 | D:2      | Found an opulent altar of Gozag.
  1468 | D:2      | Reached skill level 1 in Short Blades
  1928 | D:2      | Reached skill level 1 in Fighting
  1928 | D:2      | Reached XP level 4. HP: 7/35 MP: 0/7
  2548 | D:3      | Slain by a worm

Skill      XL: |  1  2  3 |
---------------+----------+-----
Dodging        | 2 |  2.4
Stealth        | 2 |  2.2
Short Blades   | 2 |  2.2
Fighting       | 1 |  1.3
Unarmed Combat | |  0.1
Spellcasting   | |  2.2
Conjurations   | |  1.3
Fire Magic     | |  3.5

Action                   |  1- 3 |  4- 6 || total
-------------------------+-------+-------++-------
Melee: Unarmed           |    25 |       ||    25
       Tailslap          |    13 |     9 ||    22
       Short sword       |    93 |    57 ||   150
 Cast: Flame Tongue      |    12 |     1 ||    13
  Use: Scroll            |       |     5 ||     5
 Stab: Sleeping          |     1 |       ||     1
  Eat: Chunk             |     3 |     2 ||     5
Armor: Skin              |    44 |    24 ||    68
Dodge: Dodged            |   120 |    31 ||   151
